 Dungeon Crawl Stone Soup version 0.22.0-49-gab54619 (webtiles) character file.

280 Merlin the Firebug (level 6, -1/44 HPs)
             Began as a Gnoll Wanderer on Sept 4, 2018.
             Was an Initiate of Ru.
             Slain by Blork the orc
             ... wielding a +0 short sword
              (6 damage)
             ... on level 4 of the Dungeon.
             The game lasted 00:19:00 (3150 turns).

Merlin the Firebug (Gnoll Wanderer)                 Turns: 3150, Time: 00:19:01

Health: -1/44      AC:  6    Str: 12    XL:     6   Next: 27%
Magic:  0/11       EV: 10    Int: 14    God:    Ru [......]
Gold:   62         SH: 10    Dex: 19    Spells: 7/11 levels left

rFire    . . .     SeeInvis .   v - +0 falchion
rCold    . . .     Gourm    .   a - +0 shield
rNeg     . . .     Faith    .   j - +0 leather armour
rPois    .         Spirit   +   x - +0 helmet (curse)
rElec    .         Reflect  .   (no cloak)
rCorr    +         Harm     .   (no gloves)
MR       .....                  w - +1 pair of boots
Stlth    ++........             c - amulet of guardian spirit
HPRegen  0.14/turn              y - ring of resist corrosion
MPRegen  0.12/turn              (no ring)

@: very slightly contaminated
A: distributed training, fangs 1, strong nose
a: Renounce Religion


You were on level 4 of the Dungeon.
You worshipped Ru.
Ru was noncommittal.
You were not hungry.

You visited 1 branch of the dungeon, and saw 4 of its levels.

You collected 142 gold pieces.
You spent 80 gold pieces at shops.

Inventory:

Hand Weapons
 e - a +0 dagger
 m - a +0 mace
 v - a +0 falchion (weapon)
Missiles
 i - 16 arrows
 r - 10 javelins (quivered)
Armour
 a - a +0 shield (worn)
 d - a +0 robe
 h - a +0 ring mail
 j - a +0 leather armour (worn)
 w - a +1 pair of boots (worn)
 x - a cursed +0 helmet (worn)
Jewellery
 c - an amulet of guardian spirit (around neck)
 y - a ring of resist corrosion (left hand)
Scrolls
 b - a scroll of amnesia {unknown}
 g - a scroll of magic mapping
 k - a scroll of enchant armour {unknown}
 l - a scroll of remove curse {unknown}
 q - a scroll of teleportation
 t - a scroll of noise {unknown}
 A - a scroll of identify {unknown}
 B - 2 scrolls of fear
Potions
 n - a potion of ambrosia {unknown}
 p - 2 potions of curing
 u - a potion of agility
 z - 2 potions of lignification {unknown}
Comestibles
 f - 6 rations


   Skills:
 + Level 1.8 Fighting
 + Level 1.8 Short Blades
 + Level 1.8 Long Blades
 + Level 1.8 Axes
 + Level 1.8 Maces & Flails
 + Level 1.8 Polearms
 + Level 1.8 Staves
 + Level 1.8 Slings
 + Level 1.8 Bows
 + Level 1.8 Crossbows
 + Level 1.8 Throwing
 + Level 1.8 Armour
 + Level 1.8 Dodging
 + Level 1.8 Stealth
 + Level 4.9 Shields
 + Level 1.8 Unarmed Combat
 + Level 3.3 Spellcasting
 + Level 1.4 Conjurations
 + Level 1.4 Hexes
 + Level 1.4 Charms
 + Level 1.4 Summonings
 + Level 2.6 Necromancy
 + Level 4.1 Translocations
 + Level 1.4 Transmutations
 + Level 5.6 Fire Magic
 + Level 2.6 Ice Magic
 + Level 1.4 Air Magic
 + Level 1.4 Earth Magic
 + Level 1.4 Poison Magic
 + Level 2.0 Invocations
 + Level 1.8 Evocations


You had 7 spell levels left.
You knew the following spells:

 Your Spells              Type           Power        Failure   Level  Hunger
a - Beastly Appendage     Tmut           #.....       47%         1    #......
b - Spider Form           Tmut/Pois      #.........   85%         3    ###....

Your spell library contained the following spells:

 Spells                   Type           Power        Failure   Level  Hunger
 Passwall                 Tmut/Erth      #.......     63%         2    ##.....
 Sticks to Snakes         Tmut           #.......     63%         2    ##.....


Dungeon Overview and Level Annotations

Branches:
Dungeon (4/15)
 Temple: D:4-7

Altars:
Fedhas
Gozag
Okawaru
Ru
Uskayaw

Shops:
D:4 !

Annotations:
D:4 Blork the orc, Grinder


Innate Abilities, Weirdness & Mutations

Your experience applies equally to all skills.
You have very sharp teeth.
Your uncanny sense of smell can sniff out nearby items.


Message History

Blork the orc gestures at you while chanting.
The puff of flame hits you!
* * * LOW HITPOINT WARNING * * *
You barely miss Blork the orc.
Blork the orc is heavily wounded.
You block Blork the orc's attack. x2
You barely miss Blork the orc.
Blork the orc is heavily wounded.
Blork the orc hits you but does no damage.
Blork the orc screams, "I'll cover the dungeon with your blood!"
Blork the orc barely misses you.
You hit Blork the orc.
Blork the orc is heavily wounded.
You block Blork the orc's attack.
Blork the orc hits you with a short sword.
* * * LOW HITPOINT WARNING * * *
You closely miss Blork the orc.
Blork the orc is heavily wounded.
Blork the orc hits you with a short sword!
You die...

##.....## #.......#
##...## #..#.##.#
##+## #..#.# # #.
#..#.# #. #..#.# #
##.### #..#.##.#
####....## #.......#
#........########.####
#.....o@..........#
#........##########
........## #.....###
######


You could see Blork the orc.

Vanquished Creatures
  A sky beast (D:3)
  A worker ant (D:4)
  5 adders
  3 oozes
  An adder zombie (D:4)
  2 adder skeletons (D:4)
  4 dart slugs
  2 worms
  5 leopard geckos
  An orc (D:3)
  3 ball pythons
  2 giant cockroaches
  10 goblins
  10 hobgoblins
  6 jackals
  6 kobolds
  10 bats
  2 frilled lizards
  7 rats
81 creatures vanquished.

Notes
Turn   | Place    | Note
-------+----------+-------------------------------------------
     0 | D:1      | Merlin the Gnoll Wanderer began the quest for the Orb.
     0 | D:1      | Merlin set off with: a +0 shield, a +0 robe, a +0 dagger, a
                  | ration
     0 | D:1      | Reached XP level 1. HP: 13/13 MP: 4/4
     2 | D:1      | Learned a level 1 spell: Beastly Appendage
    77 | D:1      | Reached XP level 2. HP: 11/19 MP: 3/5
   457 | D:1      | Reached XP level 3. HP: 15/25 MP: 2/7
   672 | D:1      | Reached skill level 1 in Invocations
   807 | D:2      | Learned a level 3 spell: Spider Form
   832 | D:2      | Reached skill level 1 in Fighting
   832 | D:2      | Reached skill level 1 in Short Blades
   832 | D:2      | Reached skill level 1 in Long Blades
   832 | D:2      | Reached skill level 1 in Axes
   832 | D:2      | Reached skill level 1 in Maces & Flails
   832 | D:2      | Reached skill level 1 in Polearms
   832 | D:2      | Reached skill level 1 in Staves
   832 | D:2      | Reached skill level 1 in Slings
   832 | D:2      | Reached skill level 1 in Bows
   832 | D:2      | Reached skill level 1 in Crossbows
   832 | D:2      | Reached skill level 1 in Throwing
   832 | D:2      | Reached skill level 1 in Armour
   832 | D:2      | Reached skill level 1 in Dodging
   832 | D:2      | Reached skill level 1 in Stealth
   832 | D:2      | Reached skill level 1 in Unarmed Combat
   832 | D:2      | Reached skill level 1 in Evocations
   835 | D:2      | Reached XP level 4. HP: 32/32 MP: 6/8
  1124 | D:2      | Found an opulent altar of Gozag.
  1297 | D:2      | Reached skill level 1 in Conjurations
  1297 | D:2      | Reached skill level 1 in Hexes
  1297 | D:2      | Reached skill level 1 in Charms
  1297 | D:2      | Reached skill level 1 in Summonings
  1297 | D:2      | Reached skill level 1 in Transmutations
  1297 | D:2      | Reached skill level 1 in Air Magic
  1297 | D:2      | Reached skill level 1 in Earth Magic
  1297 | D:2      | Reached skill level 1 in Poison Magic
  1675 | D:3      | Found a hide-covered altar of Uskayaw.
  1675 | D:3      | Noticed a dagger
  1675 | D:3      | Noticed a hand axe
  1742 | D:3      | Reached XP level 5. HP: 34/37 MP: 6/9
  1865 | D:3      | Noticed a sky beast
  2122 | D:3      | Found a sacrificial altar of Ru.
  2135 | D:3      | Became a worshipper of Ru the Awakened
  2172 | D:3      | Killed a sky beast
  2172 | D:3      | Reached XP level 6. HP: 12/44 MP: 3/10
  2631 | D:4      | Found an iron altar of Okawaru.
  2655 | D:4      | Found Nakka's Distillery.
  2685 | D:4      | Bought a potion of curing for 30 gold pieces
  2685 | D:4      | Bought a potion of heal wounds for 50 gold pieces
  2694 | D:4      | Found a blossoming altar of Fedhas.
  3100 | D:4      | Noticed Grinder
  3111 | D:4      | Paralysed by Grinder for 4 turns
  3132 | D:4      | Noticed Blork the orc
  3150 | D:4      | Slain by Blork the orc

Skill      XL: |  1  2  3  4  5  6 |
---------------+-------------------+-----
Necromancy     | 2 |  2.6
Ice Magic      | 2 |  2.6
Invocations    | 1 2 |  2.0
Fighting       | 1 |  1.8
Short Blades   | 1 |  1.8
Long Blades    | 1 |  1.8
Axes           | 1 |  1.8
Maces & Flails | 1 |  1.8
Polearms       | 1 |  1.8
Staves         | 1 |  1.8
Slings         | 1 |  1.8
Bows           | 1 |  1.8
Crossbows      | 1 |  1.8
Throwing       | 1 |  1.8
Armour         | 1 |  1.8
Dodging        | 1 |  1.8
Stealth        | 1 |  1.8
Unarmed Combat | 1 |  1.8
Evocations     | 1 |  1.8
Spellcasting   | 3 |  3.3
Conjurations   | 1 |  1.4
Hexes          | 1 |  1.4
Charms         | 1 |  1.4
Summonings     | 1 |  1.4
Transmutations | 1 |  1.4
Air Magic      | 1 |  1.4
Earth Magic    | 1 |  1.4
Poison Magic   | 1 |  1.4
Translocations | 4 |  4.1
Shields        | |  4.9
Fire Magic     | |  5.6

Action                   |  1- 3 |  4- 6 || total
-------------------------+-------+-------++-------
Melee: Dagger            |    80 |       ||    80
       Bite              |    20 |    36 ||    56
       Kick              |     1 |       ||     1
       Mace              |    61 |   160 ||   221
       Headbutt          |       |     2 ||     2
       Falchion          |       |    92 ||    92
 Cast: Beastly Appendage |     1 |     1 ||     2
  Use: Scroll            |       |     8 ||     8
       Potion            |       |     4 ||     4
 Stab: Sleeping          |       |     6 ||     6
  Eat: Chunk             |       |     6 ||     6
       Ration            |       |     1 ||     1
Armor: Robe              |    30 |    14 ||    44
       Leather armour    |       |    58 ||    58
Dodge: Dodged            |    58 |    97 ||   155
Block: Shield            |    66 |   145 ||   211
       Rpst.: Falchion   |       |    10 ||    10
